Map: Ruins of Seras

Players

Reynor - Winner!

  • Race: Zerg Zerg
  • League: Grandmaster

Avokado

  • Race: Terran Terran
  • League: Master

Event: DreamHack ROCCAT LotV Championship

VOD

Have the link to the VOD?

Description

Time

  • Played on: Nov. 26, 2015, 8:50 a.m.
  • Length: 19:38

All games in this series

Show
View Real Time Build Order
Export as new Build Order

Reynor Zerg - Winner!

Build Orders: Hatch First, Muta Ling Bane 

Get SALT Encoding   

  12  0:03  Drone  
  13  0:12  Overlord  
  13  0:18  Drone  
  14  0:24  Drone, Extractor  
  15  0:31  Drone  
  15  0:35  Drone  
  17  0:53  Hatchery  
  16  0:57  Drone  
  17  1:11  Spawning Pool  
  16  1:14  Drone  
  17  1:18  Extractor  
  17  1:20  Drone  
  17  1:30  Drone  
  18  1:36  Drone  
  18  1:39  Overlord  
  19  1:56  Drone  
  19  1:57  Queen  
  22  2:02  Drone  
  22  2:05  Queen  
  22  2:06  Zergling x2  
  26  2:12  Zergling x2  
  27  2:18  Metabolic Boost  
  27  2:20  Zergling x2  
  28  2:23  Drone  
  28  2:27  Drone  
  30  2:34  Zergling x2  
  31  2:38  Drone  
  32  2:44  Overlord  
  32  2:45  Queen  
  32  2:50  Zergling x2  
  35  2:55  Drone  
  36  3:00  Overlord  
  36  3:05  Drone  
  37  3:07  Drone x2  
  37  3:10  Drone  
  40  3:13  Overlord  
  40  3:14  Zergling x4  
  40  3:17  Zergling x2  
  43  3:24  Zergling x2  
  44  3:28  Drone  
  44  3:32  Overlord  
  46  3:42  Zergling x6  
  46  3:43  Zergling x2  
  48  3:50  Hatchery  
  47  3:55  Zergling x4  
  47  3:56  Drone x2  
  51  4:03  Drone  
  51  4:08  Drone  
  50  4:14  Zergling x2  
  50  4:16  Zergling x4  
  53  4:17  Drone x4  
  53  4:22  Zergling x2  
  56  4:26  Zergling x2  
  56  4:27  Queen  
  59  4:32  Overlord  
  59  4:35  Extractor  
  59  4:36  Extractor  
  59  4:37  Drone  
  59  4:38  Extractor  
  58  4:39  Baneling Nest  
  58  4:41  Drone  
  59  4:47  Drone x3  
  59  4:48  Drone  
  59  4:50  Evolution Chamber, Drone  
  59  4:51  Evolution Chamber  
  59  4:52  Drone x2  
  64  4:54  Drone  
  65  5:01  Overlord  
  65  5:03  Overlord  
  65  5:15  Zergling x2  
  65  5:16  Zergling x2  
  65  5:20  Drone x2  
  68  5:21  Zergling x2  
  68  5:22  Drone x2  
  68  5:23  Drone x3  
  68  5:24  Zerg Ground Armor Level 1  
  68  5:26  Zerg Melee Weapons Level 1  
  74  5:36  Zergling x2  
  74  5:37  Drone x2, Zergling x2  
  74  5:38  Queen, Zergling x2  
  80  5:49  Drone x5  
  77  5:56  Zergling x4  
  78  5:59  Queen  
  78  6:01  Zergling x2  
  78  6:02  Baneling x3  
  78  6:03  Baneling x3  
  81  6:06  Zergling x2  
  81  6:08  Zergling x2  
  81  6:11  Zergling x8  
  86  6:12  Lair  
  86  6:13  Drone  
  86  6:14  Drone x2  
  90  6:20  Overlord  
  90  6:25  Overlord  
  90  6:31  Overlord  
  89  6:38  Overlord  
  89  6:44  Zergling x2  
  89  6:45  Zergling x14  
  95  6:50  Zergling x8  
  93  6:56  Zergling x8  
  93  6:59  Zergling x2  
  94  7:05  Zergling x2  
  94  7:06  Zergling x2  
  94  7:09  Hatchery, Extractor  
  94  7:12  Drone x3  
  94  7:14  Centrifical Hooks  
  95  7:17  Spire  
  95  7:18  Extractor  
  95  7:19  Baneling  
  95  7:20  Drone  
  95  7:21  Drone x3  
  95  7:22  Extractor  
  96  7:23  Baneling  
  96  7:25  Zergling x4  
  96  7:28  Spine Crawler, Baneling  
  97  7:31  Zergling x2  
  97  7:32  Hatchery  
  97  7:33  Baneling  
  97  7:35  Drone x2  
  97  7:36  Drone, Extractor, Zergling x8  
  103  7:40  Baneling x2  
  103  7:44  Zergling x2  
  103  7:45  Zergling x2  
  103  7:46  Baneling x2  
  103  7:47  Drone  
  103  7:50  Drone x3  
  109  7:56  Zergling x2  
  109  7:58  Zerg Melee Weapons Level 2  
  110  7:59  Zergling x4  
  110  8:03  Drone  
  110  8:05  Overlord  
  113  8:10  Overlord  
  113  8:12  Zerg Ground Armor Level 2  
  113  8:21  Overlord  
  113  8:24  Baneling x7  
  113  8:25  Drone  
  113  8:26  Zergling x2  
  113  8:27  Zergling x16  
  121  8:29  Baneling x4  
  123  8:35  Drone x2  
  123  8:36  Drone x3  
  123  8:40  Zergling x6  
  130  8:43  Baneling x3  
  130  8:44  Drone  
  130  8:45  Drone  
  132  8:51  Overlord, Mutalisk  
  132  8:54  Overseer  
  134  8:55  Baneling  
  134  8:56  Baneling x2  
  134  8:57  Mutalisk  
  136  9:04  Zergling x2  
  136  9:05  Zergling x4  
  136  9:06  Extractor x2  
  136  9:07  Mutalisk x2  
  141  9:10  Zergling x2  
  141  9:11  Zergling x14  
  141  9:14  Mutalisk  
  151  9:18  Zergling x4  
  151  9:21  Mutalisk  
  153  9:24  Mutalisk  
  153  9:27  Zergling x6  
  157  9:33  Zergling x2  
  157  9:35  Overlord  
  157  9:36  Overlord x2  
  151  9:48  Zergling x12  
  151  9:49  Zergling x6  
  157  9:53  Mutalisk x3  
  157  9:58  Baneling x3  
  157  9:59  Zergling x2  
  164  10:00  Zergling x14  
  164  10:01  Baneling x2  
  164  10:02  Baneling x6  
  171  10:10  Mutalisk x3  
  171  10:11  Zergling x2  
  171  10:13  Zergling x2  
  158  10:23  Baneling x2, Zergling x6  
  158  10:24  Baneling x2  
  158  10:27  Zergling x2  
  158  10:28  Zergling x8  
  143  10:31  Mutalisk x4  
  142  10:35  Zergling x2  
  142  10:37  Mutalisk  
  142  10:40  Overseer  
  142  10:41  Queen x2  
  146  10:43  Zergling x6  
  146  10:46  Mutalisk x2  
  146  10:48  Zergling x2  
  150  10:58  Zergling x8  
  150  10:59  Zergling x8  
  150  11:01  Baneling x2  
  150  11:02  Baneling x2  
  150  11:04  Baneling x6  
  158  11:07  Zergling x4  
  158  11:08  Zergling x4  
  158  11:10  Drone x2  
  158  11:11  Drone  
  165  11:13  Zerg Flyer Armor Level 1  
  165  11:15  Zergling x4  
  167  11:19  Hatchery  
  167  11:20  Baneling x4  
  167  11:22  Zergling x4  
  167  11:23  Zergling x4  
  170  11:31  Baneling x2  
  170  11:32  Baneling x2  
  170  11:34  Zergling x2  
  170  11:35  Zergling x12  
  170  11:39  Baneling x3  
  177  11:45  Zergling x6  
  180  11:50  Zergling x2  
  180  11:53  Overlord x2  
  181  11:57  Zergling x8  
  181  11:58  Zergling x2  
  179  12:05  Overlord  
  179  12:06  Zergling x4  
  179  12:07  Zergling x2  
  182  12:11  Infestation Pit  
  182  12:14  Baneling x4  
  182  12:15  Baneling x2  
  181  12:16  Mutalisk x2  
  181  12:17  Mutalisk x2  
  189  12:24  Zergling x2  
  189  12:25  Zergling x16  
  189  12:28  Baneling x3  
  198  12:35  Hatchery  
  197  12:41  Baneling x5  
  194  12:45  Overlord  
  194  12:50  Baneling x3  
  194  12:51  Baneling x2  
  190  12:52  Overlord  
  190  12:55  Hive  
  190  12:56  Overlord  
  187  13:02  Zergling x2  
  187  13:03  Zergling x24  
  139  13:09  Zergling x2  
  139  13:10  Zergling x8  
  142  13:17  Baneling x2  
  142  13:18  Baneling x4  
  140  13:25  Mutalisk x4  
  146  13:32  Mutalisk  
  146  13:33  Mutalisk  
  150  13:42  Zergling x2  
  150  13:43  Zergling x18  
  159  13:54  Pneumatized Carapace  
  158  14:01  Baneling  
  158  14:02  Baneling x5  
  158  14:03  Zergling x18  
  167  14:13  Zergling x2  
  167  14:14  Zergling x8  
  167  14:16  Baneling x5  
  172  14:20  Zergling x6  
  175  14:28  Zergling x4  
  164  14:37  Baneling  
  164  14:38  Zergling x2, Baneling x8  
  155  14:39  Zergling x20  
  155  14:43  Baneling x6  
  166  14:45  Zergling x2  
  166  14:46  Zergling x4  
  166  14:54  Baneling  
  166  14:55  Zergling x2  
  166  14:56  Zergling x14  
  167  15:05  Baneling x2  
  167  15:06  Zergling x2, Baneling x2  
  167  15:07  Zergling x8  
  167  15:12  Zergling x6  
  170  15:17  Zergling x2  
  170  15:18  Zergling x2  
  170  15:20  Zergling x2  
  150  15:24  Baneling x5  
  150  15:25  Baneling  
  150  15:27  Zergling x4  
  150  15:36  Zergling x4  
  150  15:37  Zergling x4  
  150  15:40  Zergling x4  
  156  15:46  Mutalisk x2  
  151  15:52  Zergling x2  
  151  15:56  Zergling x4  
  154  16:01  Baneling x2  
  154  16:02  Baneling  
  154  16:05  Hatchery  
  154  16:06  Overseer  
  154  16:09  Zergling x10  
  158  16:14  Baneling x3  
  147  16:18  Zergling x6  
  147  16:19  Zergling x2  
  147  16:24  Zergling x6  
  127  16:34  Zergling x8  
  127  16:35  Zergling x2  
  106  16:43  Zergling x4  
  106  16:46  Baneling x3  
  84  16:50  Overseer  
  77  17:02  Baneling  
  77  17:03  Baneling  
  77  17:12  Zergling x4  
  75  17:16  Baneling x2  
  73  17:24  Zergling x4  
  74  17:35  Baneling x5  
  70  17:38  Zergling x4  
  61  17:47  Zergling x2  
  61  17:48  Zergling x4  
  58  17:52  Zergling x2  
  58  17:55  Zergling x2  
  60  18:01  Zergling x2  
  60  18:04  Zergling x2  
  57  18:06  Baneling x2  
  57  18:10  Zergling x2  
  57  18:15  Baneling x2  
  55  18:20  Zergling x4  
  57  18:33  Zergling x6  
  57  18:37  Zergling x4  
  57  18:40  Overseer  
  57  18:43  Zergling x2  
  58  18:49  Zergling x2  
  58  18:50  Zergling x2  
  60  18:56  Zergling x4  
  61  19:04  Zergling x4  
  61  19:09  Zergling x2  
  63  19:12  Zergling x2  
  68  19:26  Drone x4  
Show
View Real Time Build Order
Export as new Build Order

Avokado Terran 

Build Orders: Bio Mine 

Get SALT Encoding   

  12  0:00  SCV  
  13  0:12  SCV  
  14  0:17  Supply Depot  
  14  0:25  SCV  
  15  0:39  SCV  
  15  0:40  Barracks  
  16  0:45  Refinery  
  16  0:51  SCV  
  17  1:03  SCV  
  18  1:15  SCV  
  19  1:28  Orbital Command  
  19  1:29  Barracks Reactor  
  19  1:44  Command Center  
  19  1:54  Supply Depot, SCV  
  20  2:05  Reaper x2  
  20  2:06  SCV  
  23  2:19  SCV  
  24  2:31  SCV  
  24  2:35  Command Center  
  25  2:38  Reaper  
  25  2:41  Reaper  
  27  2:48  SCV  
  28  2:53  Barracks  
  28  2:58  Orbital Command  
  28  3:04  SCV  
  29  3:09  Barracks  
  29  3:13  Reaper  
  29  3:18  Reaper  
  31  3:24  SCV  
  32  3:29  SCV  
  32  3:31  Barracks  
  33  3:36  SCV  
  33  3:41  SCV, Barracks Tech Lab  
  35  3:47  Marine  
  36  3:50  Orbital Command  
  36  3:51  Bunker  
  36  3:52  Supply Depot  
  36  3:53  Marine  
  36  3:55  SCV  
  38  4:08  Marine  
  39  4:10  Marine  
  39  4:12  Marine  
  39  4:13  SCV, Marine  
  39  4:14  SCV  
  39  4:15  SCV  
  44  4:22  Stimpack  
  44  4:23  Marine  
  45  4:26  SCV x2, Marine  
  45  4:28  SCV, Marine  
  50  4:34  Marauder, Marine  
  50  4:36  Supply Depot  
  53  4:41  Barracks, Marine  
  53  4:44  Marine  
  53  4:45  SCV x2  
  57  4:46  Marine  
  57  4:47  Refinery  
  57  4:52  SCV  
  59  4:53  Engineering Bay  
  59  4:56  Marine  
  59  4:57  Engineering Bay  
  59  4:58  SCV  
  59  4:59  Marine  
  62  5:06  Refinery  
  62  5:07  SCV, Refinery  
  62  5:09  SCV  
  62  5:10  Marine  
  62  5:13  Marine  
  66  5:16  Marine  
  66  5:17  Marauder  
  66  5:18  Marine  
  66  5:20  SCV  
  70  5:22  SCV  
  70  5:23  SCV  
  70  5:26  Terran Infantry Weapons Level 1  
  72  5:28  Marine  
  72  5:29  Terran Infantry Armor Level 1  
  72  5:31  Marine  
  72  5:32  SCV  
  72  5:34  Marine x2  
  77  5:40  Supply Depot  
  77  5:42  Supply Depot  
  77  5:44  Orbital Command  
  77  5:49  Marine  
  76  5:51  Marine  
  76  5:52  SCV, Marine  
  76  5:53  SCV  
  77  6:02  Marauder  
  77  6:04  Supply Depot  
  79  6:05  SCV, Factory  
  79  6:06  Marine x2  
  79  6:09  Supply Depot x2  
  79  6:11  SCV x2  
  84  6:17  SCV  
  85  6:22  Marine x3  
  85  6:23  SCV x2  
  85  6:24  Marauder  
  92  6:27  Bunker  
  92  6:29  SCV  
  93  6:33  Combat Shields  
  93  6:35  SCV  
  93  6:38  SCV  
  95  6:41  SCV, Marine  
  95  6:42  Marine  
  95  6:43  Barracks Reactor  
  95  6:44  Barracks Reactor  
  95  6:45  Marauder  
  100  6:47  SCV  
  91  6:59  SCV  
  91  7:00  SCV, Marine x2  
  85  7:02  Barracks Reactor  
  85  7:06  Marauder  
  85  7:08  Factory Reactor, Starport  
  85  7:11  SCV  
  85  7:12  SCV x2, Armory  
  88  7:16  Supply Depot  
  88  7:17  Supply Depot  
  88  7:18  Marine  
  88  7:20  Missile Turret  
  88  7:21  Missile Turret  
  89  7:23  Missile Turret, Marine x4  
  89  7:25  Refinery, Marine  
  89  7:28  Marauder  
  96  7:31  Factory  
  96  7:36  Marine  
  97  7:40  Marine  
  97  7:41  Marine x2  
  100  7:48  Supply Depot  
  100  7:49  Marauder  
  100  7:50  Marine x2  
  100  7:51  Marine x2  
  106  7:54  Marine  
  106  7:56  Supply Depot  
  107  8:00  Factory Reactor, Medivac x2  
  107  8:02  Marine x3  
  114  8:06  Barracks x2  
  114  8:08  Barracks, Marine  
  114  8:11  Marauder  
  117  8:14  Terran Infantry Weapons Level 2, Terran Infantry Armor Level 2  
  117  8:17  Factory Tech Lab  
  117  8:26  Command Center  
  117  8:30  Medivac x2  
  117  8:31  Marine x3  
  117  8:32  Marauder, Marine x2  
  128  8:38  Marine x3  
  128  8:40  Supply Depot  
  131  8:44  Widow Mine x2  
  135  8:49  Marine x3  
  135  8:52  Thor  
  144  8:58  Drilling Claws  
  144  9:01  Medivac x2  
  147  9:13  Widow Mine  
  147  9:16  Widow Mine  
  151  9:23  Marine x3  
  151  9:24  Marauder  
  156  9:28  Marine  
  156  9:29  Barracks Reactor x2  
  157  9:32  Barracks Tech Lab  
  157  9:33  Refinery  
  157  9:34  Supply Depot  
  157  9:36  Supply Depot  
  157  9:37  Medivac x2, Widow Mine  
  163  9:41  Widow Mine  
  163  9:45  Widow Mine, Marauder  
  156  9:50  Marine  
  156  9:51  Marine x7  
  156  9:52  Marine  
  165  10:06  Marauder, Widow Mine  
  169  10:07  Medivac  
  169  10:08  Marine x2  
  169  10:09  Marine x4  
  169  10:10  Widow Mine  
  169  10:12  Medivac, Marine x2  
  175  10:14  Widow Mine  
  160  10:26  Marine  
  160  10:27  Marine  
  160  10:28  Marauder  
  135  10:29  Marine  
  135  10:33  Marine  
  135  10:34  Marine x6  
  136  10:39  Hellion  
  134  10:43  Widow Mine  
  134  10:47  Marine  
  134  10:48  Marauder, Marine x4  
  134  10:49  Marauder, Medivac  
  145  10:56  Marine x3  
  146  10:59  Thor  
  146  11:00  Marine, Widow Mine  
  153  11:11  Widow Mine  
  153  11:12  Medivac  
  157  11:19  Planetary Fortress  
  157  11:22  Missile Turret, Marine x2  
  151  11:26  Marine x2  
  151  11:28  Widow Mine  
  151  11:31  Liberator  
  151  11:32  Liberator  
  155  11:37  Marine  
  155  11:38  Marine  
  155  11:39  Marine x6  
  157  11:40  Widow Mine  
  157  11:41  Widow Mine  
  157  11:44  Marine  
  161  11:51  Marine x2  
  161  11:52  Terran Infantry Weapons Level 3  
  165  11:56  Terran Infantry Armor Level 3  
  165  11:57  Widow Mine  
  155  12:05  Marine  
  155  12:06  Marine  
  155  12:07  Marine  
  155  12:08  Widow Mine, Marine x4  
  161  12:09  Marine  
  161  12:10  Widow Mine  
  161  12:14  Marine x2  
  161  12:15  Marine, Marauder  
  172  12:23  Marine  
  172  12:24  Marine  
  172  12:25  Widow Mine  
  174  12:31  Medivac  
  174  12:32  Marine  
  174  12:37  Widow Mine  
  177  12:39  Hellion, Marine x2  
  177  12:40  Marine x7  
  177  12:44  Marine  
  191  12:47  Marine  
  191  12:50  Marine  
  187  12:54  Widow Mine, Liberator  
  187  12:57  Marine x5  
  193  13:00  Liberator, Widow Mine  
  193  13:03  Marine  
  193  13:05  Marine, Widow Mine  
  156  13:09  Marine  
  161  13:22  Widow Mine, Marine  
  161  13:24  Marine  
  161  13:25  Marine x2  
  164  13:28  Marine  
  164  13:29  Cyclone, Marine  
  164  13:30  Marine  
  164  13:32  Marine x2  
  169  13:37  Liberator  
  169  13:40  Marine x2  
  165  13:42  Marine  
  165  13:43  Widow Mine, Liberator  
  165  13:45  Marine  
  165  13:47  Marine x2  
  171  13:50  Marine  
  171  13:51  Widow Mine  
  171  13:53  Marine  
  176  13:56  Marine  
  176  13:57  Marine  
  176  14:00  Widow Mine  
  181  14:04  Marine  
  181  14:07  Marine x3  
  181  14:08  Marine  
  186  14:12  Widow Mine  
  186  14:15  Marine  
  189  14:17  Marine  
  189  14:19  Liberator  
  189  14:20  Widow Mine  
  192  14:26  Marine  
  192  14:27  Marine  
  192  14:29  Widow Mine  
  168  14:36  Marine  
  168  14:37  Marine  
  151  14:39  Marine  
  151  14:40  Widow Mine  
  151  14:42  Marine  
  155  14:46  Medivac  
  155  14:48  Widow Mine  
  149  14:53  Marine  
  149  14:56  Marine x2  
  149  14:57  Marine, Widow Mine  
  149  14:58  Marine x3  
  149  14:59  Marine, Liberator  
  159  15:02  Liberator  
  159  15:09  Widow Mine  
  159  15:10  Marine x2  
  151  15:17  Widow Mine  
  126  15:22  Marine x2  
  126  15:23  Marine x2  
  126  15:26  Widow Mine  
  126  15:27  Marine  
  126  15:28  Marine  
  126  15:37  Marine  
  126  15:38  Widow Mine  
  126  15:40  Marine x2  
  126  15:42  Liberator  
  130  15:43  Marine  
  130  15:45  Widow Mine, Marine  
  130  15:48  Marine  
  131  15:51  Marine  
  131  15:53  Marine  
  131  15:56  Marine  
  134  15:58  Marine  
  134  16:02  Widow Mine  
  140  16:05  Marine  
  140  16:09  Marine  
  142  16:14  Marine  
  143  16:21  Widow Mine  
  143  16:23  Marine  
  146  16:27  Marine  
  146  16:32  Marine  
  127  16:40  Widow Mine  
  127  16:45  Widow Mine  
  103  16:51  Marine  
  100  16:56  Marine  
  99  17:04  Marine  
  100  17:14  Marine  
  101  17:20  Widow Mine  
  103  17:23  Marine  
  104  17:32  Widow Mine  
  104  17:34  Marine  
  80  17:47  Marine  
  80  17:51  Marine  
  73  18:05  Medivac  
  73  18:12  Marine  
  75  18:18  Widow Mine  
  72  18:37  Marauder  
  72  18:38  Marine  
  72  18:39  Orbital Command  
  55  18:51  Marine  
  54  19:03  Marine  
  54  19:05  Marine  
  54  19:08  Marine  

Tags
 
Add a new tag
Caveats
  • Supply blocks, unpowered buildings, or Contaminate may cause inaccurate times.
  • Supply counts are checked every 10 seconds.